 Dungeon Crawl Stone Soup version 0.17.2-1-ge4368a0 (webtiles) character file.

262 rlgrobin the Twirler (level 6, -3/30 HPs)
             Began as a Vine Stalker Gladiator on Apr 20, 2017.
             Slain by Grinder (8 damage)
             ... on level 4 of the Dungeon.
             The game lasted 00:02:48 (2357 turns).

rlgrobin the Twirler (Vine Stalker Gladiator)       Turns: 2357, Time: 00:02:49

Health: -3/30      AC:  5    Str: 18    XL:     6   Next: 18%
Magic:  0/7        EV: 12    Int:  8    God:
Gold:   107        SH:  0    Dex: 16    Spells: 0 memorised, 5 levels left

rFire  . . .     SeeInvis .     (no weapon)
rCold  . . .     Clarity  .     b - +0 leather armour
rNeg   . . .     SustAt   .     (no shield)
rPois  .         Gourm    .     c - +0 helmet
rElec  .         Spirit   +     h - +0 cloak
rCorr  .         Warding  .     (no gloves)
rMut   .         Stasis   .     (no boots)
MR     .....                    (no amulet)
Stlth  +.........               (no ring)
                                (no ring)

@: not resistant to hostile enchantments, very unstealthy
A: fangs 2, regeneration 2, magic shield, antimagic bite, no device heal 3, rot
immunity
a: no special abilities


You were on level 4 of the Dungeon.
You were not hungry.

You visited 1 branch of the dungeon, and saw 4 of its levels.

You collected 107 gold pieces.


Innate Abilities, Weirdness & Mutations

You have extremely sharp teeth.
You heal very quickly.
When hurt, damage is shared between your health and your magic reserves.
Your bite disrupts and absorbs the magic of your enemies.
Potions and wands cannot restore your health.
You are immune to rotting.


   Skills:
 - Level 1.7 Fighting
 + Level 6.1 Staves
 - Level 1.7 Throwing
 - Level 2.4 Dodging


You had 5 spell levels left.
You didn't know any spells.

Inventory:

Hand Weapons
 a - a +0 quarterstaff
Missiles
 d - 3 throwing nets {=f}
Armour
 b - a +0 leather armour (worn)
 c - a +0 helmet (worn)
 h - a +0 cloak (worn)
Scrolls
 i - a scroll of noise {unknown}
 j - a scroll of immolation {unknown}
 k - a scroll of fear {unknown}
 l - 3 scrolls of identify {unknown}
 m - a scroll of teleportation {unknown}
 n - 3 scrolls of blinking {unknown}
 o - a scroll of enchant armour {unknown}
 p - a scroll of fog {unknown}
 q - 3 scrolls of remove curse {unknown}
 r - a scroll of enchant weapon {unknown}
Comestibles
 e - a bread ration
 f - 4 meat rations
 g - a royal jelly

Dungeon Overview and Level Annotations

Branches:
Dungeon (4/15)
 Temple: D:4-7

Altars:
Gozag
Nemelex Xobeh

Annotations:
D:4 Grinder

▒▒.▒▒ ▒...▒ ▒...▒
▒▒...▒ ▒....▒
▒....▒ ▒▒.!..▒
▒..▒▒s▒ ▒..▒▒f▒
..s.▒▒5▒ ▒▒
.....▒▒▒.▒ .▒▒▒
......▒ ▒.▒ ...▒▒
.....▒ ▒▒.▒
....▒▒▒▒▒▒▒ ▒▒..▒
.....▒▒▒▒▒▒▒▒▒..▒▒
................▒
..............▒▒▒


You could see Grinder and a scorpion.


Message History

Grinder is nearby!!!
Grinder is nearby!!!
You see here a sedimented puce potion!
Grinder gestures at you! Pain shoots through your body!!!
You see here a sedimented puce potion!
You take 9 damage, and have 21/30 hp!
MASSIVE DAMAGE!!!!!!
You now have 5/7 mp!
You swing at nothing!
Grinder gestures at you! You resist with some effort!
You swing at nothing!
You beat Grinder but do no damage!
You bite Grinder, but do no damage! Grinder hits you!!!
You take 5 damage, and have 19/30 hp!
You now have 3/7 mp!
You hammer Grinder but do no damage! Your bite misses Grinder!
Grinder hits you!
You writhe in agony! * * * don't die
* * * Grinder gestures at you!
You suddenly lose the ability to move!!!
Grinder hits you! * * * don't die
* * * You writhe in agony! * * * don't die
* * * Grinder completely misses you!
Grinder gestures!
Grinder blinks!!!
You can move again!
You take 14 damage, and have 5/30 hp!
MASSIVE DAMAGE!!!!!!
You now have 2/7 mp!
You are now empty-handed!
The scorpion closely misses you! Grinder hits you!!! rip

Action                   |  1- 3 |  4- 6 || total
-------------------------+-------+-------++-------
Melee: Quarterstaff      |    77 |   127 ||   204
  Eat: Bread ration      |     1 |       ||     1

Vault maps used:
D:1:      onia_arrival_mini_spirals, minmay_stone_trees_small,
          serial_park_tiny_1
D:2:      grunt_gozag_breadcrumbs, ecumenical_altar_1, minmay_misc_feat_rows,
          minivault_23
D:4:      first_bread, enter_ossuary_5, nemelex_deck, uniq_eustachio,
          uniq_grinder

Notes
Turn   | Place    | Note
--------------------------------------------------------------
     0 | D:1      | rlgrobin the Vine Stalker Gladiator began the quest for the Orb.
     0 | D:1      | Reached XP level 1. HP: 11/11 MP: 2/2
    40 | D:1      | Reached skill level 3 in Staves
    46 | D:1      | Reached XP level 2. HP: 15/15 MP: 3/3
   493 | D:2      | Reached XP level 3. HP: 8/18 MP: 4/4
   535 | D:2      | Found an opulent altar of Gozag.
   669 | D:2      | Reached skill level 4 in Staves
   986 | D:2      | Reached XP level 4. HP: 21/23 MP: 3/5
  1016 | D:2      | Found a faded altar to an unknown god.
  1419 | D:3      | Reached skill level 5 in Staves
  1514 | D:3      | Reached XP level 5. HP: 23/26 MP: 6/6
  2139 | D:4      | oi
  2185 | D:4      | Found a sparkling altar of Nemelex Xobeh.
  2208 | D:4      | Gained mutation: You heal very quickly. [Vine Stalker growth]
  2208 | D:4      | Reached XP level 6. HP: 19/30 MP: 7/7
  2286 | D:4      | Reached skill level 6 in Staves
  2343 | D:4      | Noticed Grinder
  2353 | D:4      | Paralysed by Grinder for 3 turns
  2357 | D:4      | Slain by Grinder

Vanquished Creatures
  A giant frog (D:3)
  An orc wizard (D:4)
  9 adders
  5 worms
  2 giant geckos (D:1)
  10 orcs
  7 bats
  2 giant cockroaches
  8 goblins
  6 hobgoblins
  4 jackals (D:4)
  2 quokkas
  2 ball pythons
  3 giant newts
  6 kobolds
  8 rats
76 creatures vanquished.
